 Dungeon Crawl Stone Soup version 0.30-a0-845-g7c6808c8ce (console) character file.

Game seed: 8563365639897732627

1992 petzl the Sneak (level 9, 0/56 (64) HPs)
             Began as a Formicid Delver on Mar 2, 2023.
             Was an Initiate of Vehumet.
             Slain by a centaur
             ... wielding a +0 falchion
              (1 damage)
             ... on level 6 of the Dungeon.
             The game lasted 01:03:15 (9876 turns).

petzl the Sneak (Formicid Delver)                   Turns: 9876, Time: 01:03:16

HP:   0/56 (64)     AC:  5    Str: 12 (16) XL:     9   Next: 44%
MP:   16/16         EV: 12    Int: 11 (15) God:    Vehumet [......]
Gold: 368           SH:  0    Dex: 15      Spells: 12/18 levels left

rFire   + . .      SeeInvis +    d - +2 dagger (elec) {!f =f}
rCold   . . .      Faith    .    (no shield)
rNeg    . . .      Spirit   .    O - +1 robe {rF+}
rPois   .          Reflect  .    (helmet unavailable)
rElec   .          Rampage  .    z - scarf {+Inv}
rCorr   .                        w - +0 pair of gloves
Will    .....                    (no boots)
Stlth   +++                      (no amulet)
HPRegen 0.29/turn                (no ring)
MPRegen 0.15/turn                (no ring)

@: heavily drained
A: permanent stasis, dig shafts and tunnels, antennae 3, four strong arms,
deterioration 1, shaggy fur 1, subdued magic 1
a: Dig, Shaft Self, Renounce Religion, Evoke Invisibility


You were on level 6 of the Dungeon.
You worshipped Vehumet.
Vehumet was noncommittal.
You visited 2 branches of the dungeon, and saw 10 of its levels.

You collected 368 gold pieces.

Inventory:

Hand Weapons
 a - a +0 shortbow
 b - a +1 dagger of venom {!f =f}
 c - a +0 rapier
 d - a +2 dagger of electrocution (weapon) {!f =f}
 e - a +0 whip of freezing
 u - a +0 dagger of draining {!f =f}
 P - a +1 spear of freezing {!f =f}
Missiles
 n - a silver boomerang
 t - a throwing net (quivered)
 v - 58 stones
 y - 3 boomerangs
 G - a curare-tipped dart
 I - 20 poisoned darts
Armour
 o - +0 pearl dragon scales
 w - a +0 pair of gloves (worn)
 z - a scarf of invisibility (worn)
 O - a +1 robe of fire resistance (worn)
 Q - a +0 kite shield
 R - a +0 scale mail
Jewellery
 m - the ring "Tefegoer" {rPois Will- rCorr Int-3 SInv}
   (You found it on level 4 of the Dungeon)

   [ring of see invisible]

   Int:       It affects your intelligence (-3).
   rPois:     It protects you from poison.
   SInv:      It lets you see invisible.
   rCorr:     It protects you from acid and corrosion.
   Will:      It decreases your willpower.
 B - an amulet of faith
Wands
 f - a wand of digging (2)
Scrolls
 h - a scroll of identify
 q - a scroll of enchant armour
 x - 3 scrolls of poison
 C - a scroll of acquirement
 D - a scroll of amnesia
 E - 2 scrolls of magic mapping
 H - 3 scrolls of immolation
 K - a scroll of fog
Potions
 g - a potion of attraction {unknown}
 i - a potion of invisibility {unknown}
 j - 2 potions of might {unknown}
 k - a potion of magic {unknown}
 l - a potion of brilliance {unknown}
 p - 2 potions of resistance {unknown}
 r - 2 potions of heal wounds {unknown}
 A - 2 potions of mutation
 F - 2 potions of lignification {unknown}
 L - a potion of degeneration {unknown}
 N - a potion of ambrosia {unknown}


   Skills:
 - Level 3.2 Fighting
 - Level 2.0 Maces & Flails
 + Level 2.8 Ranged Weapons
 + Level 3.5 Armour
 - Level 1.7 Dodging
 - Level 6.0 Stealth
 + Level 5.1 Spellcasting
 * Level 5.1 Conjurations
 + Level 0.5 Fire Magic
 + Level 3.3 Air Magic
 - Level 5.0 Poison Magic
 + Level 4.3 Evocations


You had 12 spell levels left.
You knew the following spells:

 Your Spells              Type           Power      Damage    Failure   Level
a - Magic Dart            Conj           40%        1d5       1%          1
b - Scorch                Fire           6%         2d5       22%         2
m - Mephitic Cloud        Conj/Pois/Air  9%         N/A       8%          3

Your spell library contained the following spells:

 Spells                   Type           Power      Damage    Failure   Level
 Momentum Strike          Conj/Tloc      12%        3d8       9%          2
 Summon Small Mammal      Summ           8%         N/A       19%         1
 Call Imp                 Summ           2%         N/A       28%         2
 Lesser Beckoning         Tloc           4%         N/A       28%         2
 Call Canine Familiar     Summ           2%         N/A       50%         3
 Summon Guardian Golem    Hex/Summ       2%         N/A       50%         3
 Flame Wave               Conj/Fire      6%         2d5       50%         4
 Summon Cactus Giant      Summ           1%         N/A       100%        6
 Blink                    Tloc           Unusable   N/A       N/A         2

Dungeon Overview and Level Annotations

Branches:
Dungeon (9/15)             Temple (1/1) D:6
   Lair: D:8-11         Orc: D:9-12

Altars:
Ashenzari
Cheibriados
Dithmenos
Elyvilon
Fedhas
Gozag
Hepliaklqana
Kikubaaqudgha
Makhleb
Okawaru
Qazlal
Ru
Sif Muna
Trog
Uskayaw
Vehumet
Wu Jian
Xom
Yredelemnul
Zin
The Shining One

Annotations:
D:4 Grinder
D:5 exclusion: downstairs
D:6 exclusion: 2 downstairs, Pikel
D:7 1 runed translucent door, exclusions: wight and yak, Juicyj's ghost, novice GnWn; Menkaure
D:8 exclusions: sleepcap, upstairs and wight


Innate Abilities, Weirdness & Mutations

You cannot be hasted, slowed, berserked, paralysed or teleported.
You can dig through walls and to a lower floor.
You have a pair of large antennae on your head. (SInv)
Your four strong arms can wield two-handed weapons with a shield.
Your body sometimes deteriorates upon taking damage.
You are covered in fur. (AC +1)
Your spells are a little easier to cast, but a little less powerful.


Message History

The centaur closely misses you.
Your +1 dagger of venom {!f =f} stops dripping with poison.
You hear the crackle of electricity.
d - a +2 dagger of electrocution (weapon)
{!f =f} The centaur hits you with a +0 falchion.
* * * LOW HITPOINT WARNING * * *
The centaur barely misses you.
You hit the centaur.
The centaur is heavily wounded.
The centaur hits you with a +0 falchion!
* * * LOW HITPOINT WARNING * * *
The centaur kicks you but does no damage.
The centaur completely misses you. The centaur closely misses you.
You feel better.
The centaur hits you with a +0 falchion.
* * * LOW HITPOINT WARNING * * *
The centaur misses you.
Okay, then.
Okay, then.
Unknown command.
Unknown command.
Okay, then.
Unknown command.
Unknown command.
Unknown command.
Okay, then.
Okay, then.
Unknown command.
Unknown command.
Unknown command.
Unknown command.
Throw: 2 throwing nets
Press: ? - help, Q - select action, (/) - cycle Shift-Dir - straight line, f/p - centaur
Aim: a centaur, wielding a +0 falchion (severely wounded, very poisoned, 70% to hit)
You throw a throwing net.
The throwing net completely misses the centaur.
The centaur hits you with a +0 falchion.
* * * LOW HITPOINT WARNING * * *
The centaur kicks you.
You die...

#.........##..#..###..###.....°....
..........# #...# #.## #..####○###
.#.####...# #.....#..# #..# ...
#...#..##.###.#.## ##.#
#####.###.....# .. #.# ##....#
#....# ..# #.. #.....# #.... #.#
#.# #...### ##.. #.# .....# #.
.....# .....# #..## .....# #...
.<[..# #..# .....# ##..# .....#
#...## # .....# #....# c##
##...##########....### .{..
###...)......#...c..## .....
##########....@##..##......
###...###..c$..... #...# ###...###.
#...# ##.$... #...# #... #...# ..
##### .


You could see a centaur (very poisoned).

Vanquished Creatures
  Eustachio (D:4)
  An ice beast (D:6)
  A black bear (D:5)
  2 centaurs
  An ogre (D:4)
  A lemure (D:6)
  Blork the orc (D:4)
  4 kobold brigands
  A bullfrog (D:8)
  A gnoll sergeant (D:5)
  3 scorpions
  A hound (D:5)
  2 orc priests
  A jelly (D:7)
  2 iguanas
  2 sleepcaps
  6 orc wizards
  9 adders
  16 gnolls
  A river rat (D:5)
  A shadow imp (D:7)
  An ufetubus (D:4)
  2 worms
  4 dart slugs
  28 orcs
  5 bats
  9 endoplasms
  6 giant cockroaches
  6 goblins
  2 hobgoblins
  11 jackals
  17 kobolds
  3 quokkas
  17 ball pythons
  A frilled lizard (D:2)
  8 rats
178 creatures vanquished.

Notes
Turn   | Place    | Note
-------+----------+-------------------------------------------
     0 | D:5      | petzl the Formicid Delver began the quest for the Orb.
     0 | D:5      | Reached XP level 1. HP: 18/18 MP: 1/1
    50 | D:6      | Noticed an ice beast
   121 | D:6      | Noticed a sleepcap
   121 | D:6      | Noticed a scorpion
   231 | D:4      | Noticed Blork the orc
   273 | D:4      | Identified the ring "Tefegoer" {rPois Will- rCorr Int-3
                  | SInv}
   371 | D:2      | Found a faded altar of an unknown god.
   396 | D:2      | Reached skill level 1 in Spellcasting
   422 | D:1      | Reached XP level 2. HP: 24/24 MP: 2/4
   977 | D:1      | Reached XP level 3. HP: 29/29 MP: 6/6
  1191 | D:1      | Learned a level 1 spell: Magic Dart
  1195 | D:1      | Learned a level 3 spell: Mephitic Cloud
  1737 | D:2      | Reached XP level 4. HP: 33/35 MP: 8/8
  1944 | D:2      | Found an ornate altar of the Wu Jian Council.
  2578 | D:2      | Reached skill level 1 in Poison Magic
  2690 | D:3      | You fall into a shaft and drop 1 floor!
  2900 | D:2      | Reached skill level 1 in Conjurations
  2900 | D:2      | Reached skill level 1 in Air Magic
  2900 | D:2      | Reached skill level 1 in Evocations
  2900 | D:2      | Reached XP level 5. HP: 37/41 MP: 9/9
  3226 | D:3      | Identified a scroll of acquirement
  3763 | D:4      | Reached XP level 6. HP: 42/46 MP: 11/11
  3829 | D:5      | Noticed an ogre
  3852 | D:4      | Noticed Grinder
  4055 | D:5      | Noticed a black bear
  4227 | D:6      | You fall into a shaft and drop 1 floor!
  4505 | D:7      | Found a white marble altar of Elyvilon.
  4579 | D:7      | Noticed a yak
  4672 | D:6      | Gained mutation: Your spells are a little easier to cast,
                  | but a little less powerful. [potion of mutation]
  4672 | D:6      | Gained mutation: You are covered in fur. (AC +1) [potion of
                  | mutation]
  4672 | D:6      | Gained mutation: Your body sometimes deteriorates upon
                  | taking damage. [potion of mutation]
  4682 | D:6      | Reached XP level 7. HP: 31/52 MP: 12/12
  4696 | D:6      | You fall into a shaft and drop 3 floors!
  5118 | D:7      | Noticed Menkaure
  5147 | D:9      | Found a hide-covered altar of Uskayaw.
  5276 | D:9      | Reached skill level 1 in Armour
  5449 | D:9      | Reached XP level 8. HP: 48/58 MP: 14/14
  5922 | D:4      | Reached skill level 1 in Ranged Weapons
  6082 | D:4      | Noticed Eustachio
  6119 | D:4      | Killed Eustachio
  6552 | D:4      | Killed Blork the orc
  7530 | D:5      | Reached XP level 9. HP: 58/64 MP: 16/16
  7881 | D:5      | Reached skill level 5 in Poison Magic
  8195 | D:6      | You fall into a shaft and drop 3 floors!
  8645 | D:7      | Found a runed translucent door.
  8645 | D:7      | Found a shimmering altar of Xom.
  8645 | D:7      | Noticed a +2 war axe of chaos
  8645 | D:7      | Noticed Juicyj's ghost (novice GnWn)
  8710 | D:6      | Reached skill level 5 in Spellcasting
  8776 | D:6      | Reached skill level 5 in Conjurations
  9075 | D:6      | Learned a level 2 spell: Scorch
  9204 | D:6      | Found a staircase to the Ecumenical Temple.
  9214 | Temple   | Entered the Ecumenical Temple
  9436 | Temple   | Became a worshipper of Vehumet
  9444 | D:6      | Noticed Pikel
  9876 | D:6      | HP: 1/56 [centaur/+0 falchion (4)]
  9876 | D:6      | Slain by a centaur

Illustrated notes

Levels and vault maps discovered:
D:1:      mrwooster_arrival_arrow, layout_loops_corners, minmay_cut_off
D:2:      layout_basic, shapermc_ecumenical_altar_starsandcircs, basic_altar,
          amcnicky_mini_corridor_feature
D:3:      layout_rooms, serial_corexii_hall, chequers_hall_statues_wall_a,
          corexii_hall_statues_s, hangedman_decor_growths
D:4:      layout_loops_corners, minmay_snake_closets, uniq_blork_the_orc,
          uniq_grinder, uniq_eustachio
D:5:      layout_cave_pods, serial_column_ruins, column_ruins_hut,
          column_ruins_hut_pillars, column_ruins_grid_3, column_ruins_grid_4,
          column_ruins_grid_1, column_ruins_open_small, column_ruins_open_tiny,
          gup_sewer_entry_bowl, nrook_mini_vaults
D:6:      layout_rooms, minmay_temple_entry_arrows, lemuel_flamethrower_2,
          uniq_pikel
D:7:      layout_rooms, grunt_nemelex_the_gamble, elyvilon_altar_3,
          ebering_ghost_xom, nicolae_shop_fire_sale [nicolae_sub_dead_trees],
          serial_bayou_pond_d, uniq_menkaure
D:8:      layout_basic, uniq_maggie
D:9:      layout_roguey, mainiacjoe_overflow_six_doors_small,
          minmay_orc_entry_guard_dogs, serial_shops, shop
Temple:   nicolae_temple_bog_church

Skill      XL: |  1  2  3  4  5  6  7  8  9 |
---------------+----------------------------+-----
Spellcasting   | 1 2 3 4 5 |  5.1
Poison Magic   | 1 2 3 4 5 |  5.0
Conjurations   | 1 2 3 4 5 |  5.1
Air Magic      | 1 2 3 |  3.3
Evocations     | 1 2 3 4 |  4.3
Armour         | 1 2 3 |  3.5
Ranged Weapons | 2 |  2.8
Fighting       | |  3.2
Maces & Flails | |  2.0
Dodging        | |  1.7
Stealth        | |  6.0
Fire Magic     | |  0.5

Action                     |  1- 3 |  4- 6 |  7- 9 || total
---------------------------+-------+-------+-------++-------
  Melee: Rapier            |   126 |   265 |   124 ||   515
         Punch             |     3 |     2 |     5 ||    10
         Dagger            |       |       |   285 ||   285
         Whip              |       |       |    11 ||    11
   Fire: Shortbow          |       |       |   100 ||   100
  Throw: Stone             |     3 |       |       ||     3
         Boomerang         |       |    52 |    10 ||    62
         Throwing net      |       |       |     1 ||     1
   Cast: Mephitic Cloud    |       |       |     6 ||     6
         Scorch            |       |       |     4 ||     4
Ability: Shaft Self        |       |     2 |     2 ||     4
         Dig               |       |     2 |     1 ||     3
         Evoke Invisibilit |       |       |     1 ||     1
  Evoke: Wand              |       |     3 |     3 ||     6
    Use: Scroll            |     1 |     5 |     4 ||    10
         Potion            |       |     2 |     6 ||     8
   Stab: Sleeping          |     3 |     2 |     1 ||     6
         Confused          |       |       |     4 ||     4
 Armour: Pearl dragon scal |    71 |   170 |   209 ||   450
         Scale mail        |       |       |    36 ||    36
         Robe              |       |       |    16 ||    16
  Dodge: Dodged            |    71 |   166 |   264 ||   501

Table legend: (Time is in decaauts)
 A = Elapsed time spent in this place.
 B = Non-inter-level travel time spent in this place.
 C = Inter-level travel time spent in this place.
 D = Time resting spent in this place.
 E = Time spent auto-exploring this place.
 F = Levels seen in this place.
 G = Mean time per level.
                   A        B        C        D        E       F      G
               +--------+--------+--------+--------+--------+-----+--------+
         Total |  10054 |   9611 |    443 |   2217 |   3122 |  10 | 1005.4 |
       Dungeon |   9816 |   9401 |    415 |   2194 |   2955 |   9 | 1090.7 |
        Temple |    237 |    210 |     27 |     23 |    167 |   1 |  237.0 |
               +--------+--------+--------+--------+--------+-----+--------+

Top non-repeatable levels by time:
     D:4: 2097 daAuts
     D:5: 1786 daAuts
     D:2: 1219 daAuts
     D:1: 1113 daAuts
     D:8: 861 daAuts
     D:3: 856 daAuts
     D:6: 833 daAuts
     D:9: 697 daAuts
     D:7: 351 daAuts
  Temple: 237 daAuts
